 Dungeon Crawl Stone Soup version 0.20.1-1-g8b1a95d (webtiles) character file.

134 kaze the Skirmisher (level 5, -8/46 HPs)
             Began as a Hill Orc Fighter on Sept 16, 2017.
             Mangled by kaze's ghost (14 damage)
             ... on level 4 of the Dungeon.
             The game lasted 00:03:48 (2228 turns).

kaze the Skirmisher (Hill Orc Fighter)              Turns: 2228, Time: 00:03:48

Health: -8/46      AC:  8    Str: 25    XL:     5   Next: 17%
Magic:  5/5        EV:  7    Int:  8    God:
Gold:   156        SH: 10    Dex: 10    Spells: 4/4 levels left

rFire    . . .     SeeInvis .   i - +3 mace (crush)
rCold    . . .     Gourm    .   c - +0 shield
rNeg     + . .     Faith    .   b - +0 scale mail
rPois    .         Spirit   .   m - +0 hat
rElec    .         Reflect  .   (no cloak)
rCorr    .         Harm     .   (no gloves)
MR       .....                  n - +0 pair of boots
Stlth    ..........             (no amulet)
Regen    0.2/turn               s - ring of positive energy
MPRegen  0.1/turn               (no ring)

@: mighty, drained
A: no striking features
a: no special abilities


You were on level 4 of the Dungeon.
You were not hungry.

You visited 1 branch of the dungeon, and saw 4 of its levels.

You collected 156 gold pieces.

Inventory:

Hand Weapons
 a - a +0 war axe
 i - a +3 mace of crushing (weapon)
 p - a +0 mace of draining
Armour
 b - a +0 scale mail (worn)
 c - a +0 shield (worn)
 m - a +0 hat (worn)
 n - a +0 pair of boots (worn)
Jewellery
 s - a ring of positive energy (left hand)
Scrolls
 g - a scroll of remove curse
 h - a scroll of enchant armour {unknown}
 k - a scroll of identify {unknown}
 q - a scroll of recharging
 t - a scroll of immolation {unknown}
Potions
 e - 2 potions of degeneration {unknown}
 j - 2 potions of curing {unknown}
 l - a potion of haste {unknown}
 r - a potion of magic {unknown}
 u - 2 potions of ambrosia {unknown}
 v - 2 potions of brilliance {unknown}
Comestibles
 f - 2 bread rations
 o - a meat ration


   Skills:
 + Level 4.3(4.1) Fighting
 + Level 3.1(3.7) Axes
 + Level 2.8(3.1) Maces & Flails
 + Level 4.0(3.8) Armour
 + Level 0.4(0.2) Dodging
 + Level 4.0(3.8) Shields


You had 4 spell levels left.
You didn't know any spells.

Dungeon Overview and Level Annotations

Branches:
Dungeon (4/15)
 Temple: D:4-7

Altars:

Annotations:
D:4 kaze's ghost, amateur HOFi


Message History

The quokka skeleton bites you.
The iguana hisses menacingly.
You sock the quokka skeleton!
You destroy the quokka skeleton!
You sock kaze's ghost!
Kaze's ghost is severely damaged.
Kaze's ghost shouts, "What do you have that I didn't have?"
Kaze's ghost barely misses you. You block kaze's ghost's attack.
You barely miss kaze's ghost.
Kaze's ghost is severely damaged.
Kaze's ghost hits you!
Your shield and scale mail prevent you from hitting kaze's ghost.
Kaze's ghost is severely damaged.
Kaze's ghost hits you!
* * * LOW HITPOINT WARNING * * *
You block kaze's ghost's attack.
Your scale mail prevents you from hitting kaze's ghost.
Kaze's ghost is severely damaged.
Kaze's ghost hits you!
You die...

....... ..# .......
..# ....... ..#
......###.####
#.........#
#.........#
#.....l...#
######W####
################@#
...............#.#
#...........##(#.#
'...[.......##...#
#...........######
#...........##########
#######'##...........#
#.##...........#
#.##...........#


You could see an iguana and kaze's ghost.

Vanquished Creatures
  A worker ant (D:4)
  2 adders
  2 oozes
  A worm (D:2)
  3 dart slugs
  3 leopard geckos
  4 orcs (D:3)
  2 ball pythons
  8 giant cockroaches
  6 goblins
  7 hobgoblins
  A jackal (D:2)
  A quokka (D:3)
  2 bats
  4 frilled lizards
  10 kobolds
  A quokka skeleton (D:4)
  8 rats
66 creatures vanquished.

Notes
Turn   | Place    | Note
-------+----------+-------------------------------------------
     0 | D:1      | kaze the Hill Orc Fighter began the quest for the Orb.
     0 | D:1      | Reached XP level 1. HP: 19/19 MP: 1/1
   167 | D:1      | Reached XP level 2. HP: 27/27 MP: 2/2
   747 | D:2      | Reached XP level 3. HP: 31/33 MP: 3/3
  1054 | D:2      | Reached skill level 1 in Maces & Flails
  1229 | D:2      | Reached XP level 4. HP: 39/40 MP: 4/4
  2113 | D:4      | Reached XP level 5. HP: 46/46 MP: 5/5
  2203 | D:4      | Noticed kaze's ghost (amateur HOFi)
  2228 | D:4      | Mangled by kaze's ghost

Skill      XL: |  1  2  3  4 |
---------------+-------------+-----
Fighting       | 4 |  4.3
Axes           | 3 |  3.1
Maces & Flails | 1 2 |  2.8
Shields        | 4 |  4.0
Armour         | 4 |  4.0
Dodging        | |  0.4

Action                   |  1- 3 |  4- 6 || total
-------------------------+-------+-------++-------
Melee: War axe           |    14 |       ||    14
       Mace              |    77 |    91 ||   168
  Use: Scroll            |       |     4 ||     4
       Potion            |       |     1 ||     1
  Eat: Chunk             |     1 |     1 ||     2
       Bread ration      |       |     1 ||     1
Armor: Scale mail        |    35 |    39 ||    74
Dodge: Dodged            |    29 |    33 ||    62
Block: Shield            |    41 |    51 ||    92
